 Dungeon Crawl Stone Soup version 0.29.1-1-gd02db6906a (webtiles) character file.

Game seed: 12611750678678189695

518 MisterFreud the Cruncher (level 7, 0/45 (51) HPs)
             Began as a Formicid Gladiator on Sept 24, 2022.
             Slain by a necrophage (1 damage)
             ... on level 4 of the Dungeon.
             The game lasted 00:03:16 (3365 turns).

MisterFreud the Cruncher (Formicid Gladiator)       Turns: 3365, Time: 00:03:16

HP:   0/45 (51)     AC:  4    Str: 21    XL:     7   Next: 45%
MP:   7/7           EV: 16    Int:  7    God:
Gold: 135           SH:  0    Dex: 15    Spells: 6/6 levels left

rFire   . . .      SeeInvis +   a - +1 quarterstaff
rCold   . . .      Faith    .   (no shield)
rNeg    . . .      Spirit   .   b - +1 leather armour
rPois   .          Reflect  .   (helmet unavailable)
rElec   .          Harm     .   (no cloak)
rCorr   .          Rampage  .   (no gloves)
Will    .....                   (no boots)
Stlth   +.........              (no amulet)
HPRegen 0.15/turn               m - +4 ring of evasion
MPRegen 0.10/turn               (no ring)

@: heavily drained
A: permanent stasis, dig shafts and tunnels, antennae 3, four strong arms
a: Dig, Shaft Self


You were on level 4 of the Dungeon.
You visited 1 branch of the dungeon, and saw 4 of its levels.

You collected 135 gold pieces.

Inventory:

Hand Weapons
 a - a +1 quarterstaff (weapon)
Missiles
 c - 3 throwing nets (quivered)
 d - a javelin
 i - 4 curare-tipped darts
 k - 6 poisoned darts
Armour
 b - a +1 leather armour (worn)
Jewellery
 m - a +4 ring of evasion (left hand)
Wands
 e - a wand of roots (3)
Scrolls
 f - a scroll of blinking {unknown}
 g - a scroll of enchant weapon
Potions
 h - a potion of brilliance {unknown}
 n - 2 potions of curing {unknown}
 o - a potion of attraction {unknown}
 p - 2 potions of lignification
 q - a potion of flight {unknown}
 r - 2 potions of magic
 v - a potion of haste {unknown}


   Skills:
 + Level 2.3 Fighting
 - Level 8.0 Staves
 - Level 2.0 Throwing
 - Level 2.7 Dodging


You had 6 spell levels left.
You didn't know any spells.
Your spell library contained the following spells:

 Spells                   Type           Power      Damage    Failure   Level
 Sandblast                Erth           0%         2d4       47%         1
 Passwall                 Tmut/Erth      0%         N/A       63%         2
 Sublimation of Blood     Necr           0%         N/A       63%         2
 Gell's Gravitas          Tloc           0%         N/A       85%         3
 Lesser Beckoning         Tloc           0%         N/A       85%         3
 Ozocubu's Armour         Ice            0%         N/A       85%         3
 Stone Arrow              Conj/Erth      0%         3d7       85%         3
 Teleport Other           Tloc           0%         N/A       85%         3
 Petrify                  Tmut/Erth      0%         N/A       99%         4
 Irradiate                Conj/Tmut      0%         3d11      100%        5
 Metabolic Englaciation   Hex/Ice        0%         N/A       100%        5
 Simulacrum               Ice/Necr       0%         N/A       100%        6


Dungeon Overview and Level Annotations

Branches:
Dungeon (4/15)             Temple (0/1) D:4

Altars:


Innate Abilities, Weirdness & Mutations

You cannot be hasted, slowed, berserked, paralysed or teleported.
You can dig through walls and to a lower floor.
You have a pair of large antennae on your head. (SInv)
Your four strong arms can wield two-handed weapons with a shield.


Message History

The ogre is heavily wounded.
The ogre misses you.
You sock the ogre!
The ogre is almost dead.
The ogre hits you with a +0 giant club!!
You sock the ogre!
You kill the ogre!
Training target 8.0 for Staves reached!
Your Staves skill increases to level 8!
You need to enable at least one skill for training.
You barely miss the necrophage. The necrophage misses you.
You closely miss the necrophage. The necrophage completely misses you.
You hit the necrophage but do no damage.
The necrophage hits you.
* * * LOW HITPOINT WARNING * * *
You feel drained.
You closely miss the necrophage. The necrophage barely misses you.
You hit the necrophage.
The necrophage is lightly damaged.
The necrophage closely misses you.
You completely miss the necrophage.
The necrophage is lightly damaged.
You hit the necrophage.
The necrophage is lightly damaged.
The necrophage hits you but does no damage.
You barely miss the necrophage.
The necrophage is lightly damaged.
The necrophage hits you!
* * * LOW HITPOINT WARNING * * *
You feel drained.
* * * LOW HITPOINT WARNING * * *
You barely miss the necrophage.
The necrophage is lightly damaged.
The necrophage misses you.
You thump the necrophage!
The necrophage is heavily damaged.
The necrophage hits you.
* * * LOW HITPOINT WARNING * * *
You feel drained.
You die...

##.#.#.#.#.#.#.#.#.#.
#.#.#.#.#.#.#.#.#.#.#.
##.#.#.#.#.#.#.#.#.#.#
##
#.#.#.#.#.#.#.#.#.#.#
..
##.#.#.#.#.#.#.8.#.#
.. #.#.#.#.#.#.#..>#.#
## ##.#.#.#.#.#.#.8.#
#.#.#.#.#.#.#.#.#
##.#.#.#.#.#.#@#
#.#.#.#.#.#.#.#n#
##.#.#.#.#.#.#.... .
#.#.#.#.#.#.#.......
##############......#
#######


You could see a necrophage.

Vanquished Creatures
  Sigmund (D:2)
  An ogre (D:4)
  A howler monkey (D:4)
  A hound (D:4)
  An orc priest (D:4)
  An iguana (D:3)
  6 adders
  A gnoll (D:3)
  A worm (D:3)
  A dart slug (D:2)
  7 orcs (D:4)
  7 ball pythons
  4 endoplasms
  3 giant cockroaches
  A goblin (D:2)
  5 hobgoblins
  8 jackals
  6 kobolds
  2 quokkas (D:4)
  4 bats
  4 frilled lizards
  5 rats
71 creatures vanquished.

Notes
Turn   | Place    | Note
-------+----------+-------------------------------------------
     0 | D:1      | MisterFreud the Formicid Gladiator began the quest for the
                  | Orb.
     0 | D:1      | Reached XP level 1. HP: 16/16 MP: 1/1
   240 | D:2      | Noticed Sigmund
   240 | D:2      | Found a faded altar of an unknown god.
   245 | D:1      | Reached XP level 2. HP: 21/22 MP: 2/2
   862 | D:1      | Reached XP level 3. HP: 27/27 MP: 3/3
   913 | D:2      | Reached skill level 4 in Staves
  1175 | D:2      | Killed Sigmund
  1176 | D:2      | Reached skill level 6 in Staves
  1176 | D:2      | Reached XP level 4. HP: 28/33 MP: 4/4
  1176 | D:2      | Reached XP level 5. HP: 32/38 MP: 5/5
  1176 | D:2      | Reached XP level 6. HP: 38/44 MP: 6/6
  2956 | D:4      | Reached skill level 7 in Staves
  3151 | D:4      | Reached XP level 7. HP: 50/50 MP: 7/7
  3344 | D:4      | Found a staircase to the Ecumenical Temple.
  3356 | D:4      | Reached skill level 8 in Staves
  3365 | D:4      | HP: 1/47 [necrophage (5)]
  3365 | D:4      | Slain by a necrophage

Illustrated notes

Levels and vault maps discovered:
D:1:      dpeg_arrival_tiny_i, layout_basic, kennysheep_pointless_box,
          hangedman_decor_points
D:2:      layout_basic, ebering_ecumenical_altar_ruins, uniq_sigmund
D:3:      layout_basic, nrook_mini_vaults, minmay_three_crescents
D:4:      layout_basic, temple_statues, uniq_edmund

Skill      XL: |  1  2  3  4  5  6  7 |
---------------+----------------------+-----
Staves         | 6 7 8 |  8.0
Fighting       | |  2.3
Throwing       | |  2.0
Dodging        | |  2.7

Action                   |  1- 3 |  4- 6 |  7- 9 || total
-------------------------+-------+-------+-------++-------
Melee: Quarterstaff      |    61 |    98 |    53 ||   212
       Punch             |     1 |     3 |       ||     4
  Use: Potion            |     1 |     1 |       ||     2
       Scroll            |       |     8 |       ||     8
 Stab: Sleeping          |     1 |     1 |       ||     2
Armor: Leather armour    |     9 |    12 |     6 ||    27
       Skin              |     5 |     4 |       ||     9
Dodge: Dodged            |    48 |    56 |    32 ||   136
